 Dungeon Crawl Stone Soup version 0.30.1-11-g7821555f0a (webtiles) character file.

Game seed: 7488403349920819596

11426 SacredBeard the Grave Robber (level 11, -6/124 HPs)
             Began as a Demonspawn Necromancer on Nov 3, 2023.
             Mangled by a raiju (7 damage)
             ... on level 2 of the Abyss.
             The game lasted 00:48:57 (13451 turns).

SacredBeard the Grave Robber (DsNe)                Turns: 13451, Time: 00:48:57

Health: -6/124     AC: 25    Str: 16    XL:     11   Next: 49%
Magic:  0/19       EV:  2    Int: 18    God:
Gold:   808        SH: 10    Dex: 15    Spells: 13/21 levels left

rFire   . .          .
                       - Unarmed
rCold   . . .        Q - +0 kite shield
rNeg    . . .        Y - melded +3 ring mail
rPois   +            f - melded +1 helmet
rElec   .            K - melded +0 cloak
rCorr   .            (gloves currently unavailable)
SInv    .            R - melded +0 pair of boots
Will    .....        v - amulet of guardian spirit
Stlth   +++          O - +5 ring of evasion
HPRegen 0.40/turn    l - +6 ring of strength
MPRegen 0.16/turn

%: guardian spirit
@: tree-form, invisible
A: stationary, stasis, torment immunity, boosted hp, (claws 2), demonic guardian
2, (spiny 1), (sharp scales 1)
a: no special abilities


You were on level 2 of the Abyss.
You were a tree.
You visited 2 branches of the dungeon, and saw 13 of its levels.
You visited the Abyss 1 time.
You also visited: Trove.

You collected 808 gold pieces.

Inventory:

Hand Weapons
 k - the +5 whip of Vanao {antimagic, Fly}
   (You found it on level 3 of the Dungeon)

   Fly:       It grants you flight.
Armour
 f - a +1 helmet (melded)
 K - a +0 cloak (melded)
 Q - a +0 kite shield (worn)
 R - a +0 pair of boots (melded)
 S - +0 acid dragon scales
 Y - a +3 ring mail (melded)
Jewellery
 h - an amulet of regeneration
 l - a +6 ring of strength (right branch)
 m - an amulet of magic regeneration
 n - an amulet of the acrobat
 v - an amulet of guardian spirit (around neck)
 z - a ring of magical power
 G - a +6 ring of dexterity
 O - a +5 ring of evasion (left branch)
Wands
 p - a wand of iceblast (24)
 C - a wand of digging (4)
 E - a wand of quicksilver (19)
 M - a wand of flame (9)
 P - a wand of mindburst (21)
 W - a wand of paralysis (17)
Scrolls
 c - 4 scrolls of magic mapping {unknown}
 e - 5 scrolls of fog
 g - 2 scrolls of enchant armour
 i - 4 scrolls of immolation
 j - 2 scrolls of noise {unknown}
 t - 3 scrolls of brand weapon {unknown}
 u - 2 scrolls of vulnerability {unknown}
 x - 3 scrolls of blinking {unknown}
 y - 2 scrolls of poison {unknown}
 F - 4 scrolls of enchant weapon {unknown}
 I - 2 scrolls of amnesia {unknown}
 L - 3 scrolls of teleportation {unknown}
 T - 2 scrolls of summoning {unknown}
 X - a scroll of torment {unknown}
Potions
 a - a potion of flight
 b - a potion of magic
 d - a potion of attraction {unknown}
 o - 2 potions of resistance
 r - a potion of lignification
 s - 3 potions of degeneration
 w - 2 potions of curing
 A - 2 potions of might
 B - 2 potions of mutation
 D - 2 potions of haste
 H - a potion of invisibility
 J - 2 potions of brilliance {unknown}
 N - a potion of berserk rage {unknown}
 V - 2 potions of heal wounds {unknown}
Miscellaneous
 U - a condenser vane


   Skills:
 + Level 6.5 Fighting
 + Level 5.5 Armour
 + Level 5.5 Dodging
 + Level 6.5 Stealth
 + Level 5.5 Shields
 + Level 5.6 Unarmed Combat
 + Level 5.5 Spellcasting
 + Level 7.5 Necromancy
 + Level 6.5 Evocations


You had 13 spell levels left.
You knew the following spells:

 Your Spells              Type           Power      Damage    Failure   Level
a - Necrotise             Necr           100%       1d9       1%          1
b - Vampiric Draining     Necr           32%        2d8       4%          3
c - Animate Dead          Necr           32%        N/A       14%         4

Your spell library contained the following spells:

 Spells                   Type           Power      Damage    Failure   Level
 Kiss of Death            Conj/Necr      72%        2d10      7%          1
 Dispel Undead            Necr           32%        3d14      14%         4
 Apportation              Tloc           8%         N/A       32%         1
 Sting                    Tmut/Pois      16%        1d3       32%         1
 Agony                    Necr           32%        N/A       38%         5
 Ensorcelled Hibernation  Hex/Ice        8%         N/A       45%         2
 Static Discharge         Conj/Air       8%         2-3/arc   45%         2
 Anguish                  Hex/Necr       9%         N/A       56%         4
 Confusing Touch          Hex            4%         N/A       69%         3
 Inner Flame              Hex/Fire       4%         N/A       69%         3
 Spider Form              Tmut/Pois      4%         N/A       69%         3
 Tukima's Dance           Hex            4%         N/A       69%         3
 Airstrike                Air            2%         2d(1-17)  97%         4
 Passage of Golubria      Tloc           4%         N/A       97%         4
 Summon Lightning Spire   Summ/Air       4%         N/A       97%         4
 Alistair's Intoxication  Tmut/Pois      2%         N/A       100%        5
 Yara's Violent Unravell  Hex/Tmut       2%         3d3       100%        5
 Enfeeble                 Hex            2%         N/A       100%        7
 Malign Gateway           Summ/Tloc      2%         N/A       100%        7
 Summon Horrible Things   Summ           2%         N/A       100%        8


Dungeon Overview and Level Annotations

Branches:
Dungeon (12/15) Zot: 26935  Temple (1/1) D:6 Zot: 5836    Lair (0/5) D:8
    Orc (0/2) D:11

Altars:
Ashenzari
Cheibriados
Dithmenos
Fedhas
Gozag
Hepliaklqana
Kikubaaqudgha
Makhleb
Nemelex Xobeh
Okawaru
Qazlal
Ru
Sif Muna
Trog
Uskayaw
Vehumet
Wu Jian
Xom
Yredelemnul

Shops:
D:8 (   D:11 [

Annotations:
D:8 4 runed translucent doors
D:10 4 transporters
D:12 Erolcha


Innate Abilities, Weirdness & Mutations

You are a tree.
Your roots penetrate the ground, keeping you stationary.
You cannot be teleported.
You are immune to unholy pain and torment.
Your maximum health is greatly increased.
Your equipment is partially melded.
((You have very sharp fingernails.))
A demonic guardian rushes to your aid.
((You are partially covered in sharp spines.))
((You are partially covered in razor-sharp scales. (AC +1, Slay +1)))


Message History

Your rust devil resists.
The living lightning hits you!!
* * * LOW HITPOINT WARNING * * *
The raiju blinks!
You barely miss the raiju.
The raiju is severely wounded.
The raiju bursts into living lightning!
The living lightning hits your rust devil.
Your rust devil resists.
The living lightning hits you!
* * * LOW HITPOINT WARNING * * *
A demonic guardian appears!
The raiju blinks! x2
The raiju bursts into living lightning!
The living lightning hits you!
* * * LOW HITPOINT WARNING * * *
The living lightning hits your rust devil.
Your rust devil resists.
The raiju blinks!
You feel better.
Your rust devil disappears in a puff of smoke!
Really quaff the potion of lignification?
Okay, then.
There are monsters nearby!
Unknown command.
There are monsters nearby!
Really quaff the potion of lignification?
You turn into a tree.
Your +0 cloak melds into your body.
Your +1 helmet melds into your body.
Your +0 pair of boots melds into your body.
Your +3 ring mail melds into your body.
Your roots penetrate the ground.
The raiju bites you.
* * * LOW HITPOINT WARNING * * *
The raiju shocks you!
* * * LOW HITPOINT WARNING * * *
It was a potion of invisibility.
You fade into invisibility!
The raiju bites you.
* * * LOW HITPOINT WARNING * * *
The raiju shocks you!
You die...

.........# ..## . # #
# ## ....... .. #. .
.. #. ........ #. ##
#..#. . .........
....## .# . . .... .>.
.##.### .. ..#
...#.... ...##.#. ..
.. ........##.## . ..
. # # .
.........####### #.##
..........h.h♣.####..#
.....#..§§##4..#.. #
............ ....###..
.## # ##'#######..#
.#.. #.# #..# .. ### .
#.# # .# ..# '.' ..# #
. ##.## #.# .. #h# #.


You could see 2 raiju and a friendly rust devil (summoned).

Vanquished Creatures
  A boulder beetle (D:11)
  A two-headed ogre (D:11)
  A deep elf zephyrmancer (D:9)
  A cyclops (D:11)
  A kobold demonologist (D:10)
  2 trolls
  A meliai (D:8)
  Prince Ribbit (D:9)
  Grinder (D:6)
  2 vampires
  A shadow (D:9)
  Eustachio (D:5)
  6 wyverns
  3 yaks (D:11)
  2 steam dragons
  An acid dragon (D:10)
  9 orc warriors
  5 water moccasins
  An ice beast (D:7)
  2 sky beasts (D:7)
  A black bear (D:8)
  3 wolves (D:8)
  An ogre (D:6)
  4 centaurs
  5 phantoms
  2 kobold brigands
  2 bullfrogs
  A gnoll sergeant (D:8)
  3 wights (D:8)
  15 killer bees
  4 howler monkeys
  A jelly (D:5)
  A gnoll bouda (D:9)
  9 orc priests
  6 hounds
  A sleepcap (D:7)
  2 iguanas
  Ijyb (D:2)
  8 orc wizards
  Robin (D:3)
  9 gnolls
  9 adders
  2 white imps
  An ufetubus (D:7)
  2 dart slugs
  30 orcs
  6 endoplasms
  3 giant cockroaches
  11 goblins
  7 hobgoblins
  2 quokkas
  3 ball pythons
  A bat (D:1)
  A frilled lizard (D:3)
  10 kobolds
  3 rats
214 creatures vanquished.

Vanquished Creatures (collateral kills)
  A vampire (D:9)
  A yak (D:10)
  A water moccasin (D:8)
  An ice beast (D:8)
  An ogre (D:4)
  A bullfrog (D:7)
  A gnoll sergeant (D:8)
  Terence (D:3)
  8 gnolls
  An orc (D:4)
  2 hobgoblins (D:2)
19 creatures vanquished.

Grand Total: 233 creatures vanquished

Notes
Turn   | Place    | Note
-------+----------+-------------------------------------------
     0 | D:1      | SacredBeard the Demonspawn Necromancer began the quest for
                  | the Orb.
     0 | D:1      | Reached XP level 1. HP: 13/13 MP: 3/3
   261 | D:1      | Gained mutation: You are partially covered in razor-sharp
                  | scales. (AC +1, Slay +1) [demonic ancestry]
   261 | D:1      | Reached XP level 2. HP: 20/20 MP: 1/5
   403 | D:1      | Found a faded altar of an unknown god.
   761 | D:2      | Reached skill level 1 in Fighting
   761 | D:2      | Gained mutation: A weak demonic guardian rushes to your
                  | aid. [demonic ancestry]
   761 | D:2      | Reached XP level 3. HP: 26/26 MP: 1/6
  1236 | D:3      | Noticed Robin
  1237 | D:3      | Noticed Ijyb
  1281 | D:2      | Killed Ijyb
  1282 | D:2      | Reached skill level 1 in Armour
  1282 | D:2      | Reached XP level 4. HP: 29/32 MP: 7/7
  1333 | D:3      | Killed Robin
  1334 | D:3      | Reached skill level 5 in Necromancy
  1538 | D:3      | Identified the +5 whip of Vanao {antimagic, Fly}
  1554 | D:3      | Noticed Terence
  1564 | D:3      | Killed Terence
  1714 | D:3      | Gained mutation: You have sharp fingernails. [demonic
                  | ancestry]
  1714 | D:3      | Reached XP level 5. HP: 32/37 MP: 8/8
  1729 | D:4      | Found a hide-covered altar of Uskayaw.
  1788 | D:4      | Reached skill level 1 in Shields
  1935 | D:4      | Found a hazy altar of Hepliaklqana.
  1946 | D:4      | Found a sacrificial altar of Ru.
  1973 | D:4      | Found a radiant altar of Vehumet.
  1982 | D:4      | Found a burning altar of Makhleb.
  2011 | D:4      | Noticed a phantom
  2018 | D:4      | Noticed an ogre
  2023 | D:4      | Killed a phantom
  2024 | D:4      | Gained mutation: You have very sharp fingernails. [demonic
                  | ancestry]
  2024 | D:4      | Reached XP level 6. HP: 35/44 MP: 3/10
  2537 | D:5      | Entered Level 5 of the Dungeon
  2562 | D:5      | Reached skill level 6 in Necromancy
  2562 | D:5      | Gained mutation: You are partially covered in sharp spines.
                  | [demonic ancestry]
  2562 | D:5      | Reached XP level 7. HP: 43/50 MP: 8/11
  2602 | D:5      | Noticed Eustachio
  3340 | D:5      | Reached skill level 1 in Evocations
  3550 | D:6      | Noticed Grinder
  3633 | D:5      | Reached XP level 8. HP: 31/58 MP: 6/13
  3834 | D:6      | Found a staircase to the Ecumenical Temple.
  3865 | D:6      | Paralysed by Grinder for 2 turns
  4046 | D:6      | Paralysed by Grinder for 2 turns
  4053 | D:6      | Paralysed by Grinder for 4 turns
  4061 | D:6      | Killed Grinder
  4062 | D:6      | Reached skill level 1 in Unarmed Combat
  4905 | Temple   | Entered the Ecumenical Temple
  5158 | D:5      | Killed Eustachio
  5809 | D:7      | Gained mutation: A demonic guardian rushes to your aid.
                  | [demonic ancestry]
  5809 | D:7      | Reached XP level 9. HP: 65/65 MP: 15/15
  6403 | D:7      | Found a shimmering blue altar of Sif Muna.
  6458 | D:7      | Reached skill level 5 in Stealth
  6625 | D:7      | Got Sif Muna's Dissertation on Poisoning
  6683 | D:7      | Learned a level 3 spell: Vampiric Draining
  6688 | D:7      | Learned a level 4 spell: Animate Dead
  6749 | D:8      | Found a snail-covered altar of Cheibriados.
  6899 | D:8      | Found a huge runed translucent gate.
  6899 | D:8      | Found a huge runed translucent gate.
  6899 | D:8      | Found a huge runed translucent gate.
  6899 | D:8      | Noticed a polar bear
  6899 | D:8      | Noticed a polar bear
  6900 | D:8      | Found a huge runed translucent gate.
  6900 | D:8      | Noticed a polar bear
  6900 | D:8      | Noticed a polar bear
  6900 | D:8      | Noticed a polar bear
  7074 | D:8      | Reached skill level 5 in Fighting
  7166 | D:8      | Found an ornate altar of the Wu Jian Council.
  7214 | D:8      | Reached skill level 5 in Evocations
  7254 | D:8      | Reached XP level 10. HP: 20/74 MP: 2/16
  7909 | D:8      | Found a staircase to the Lair.
  7977 | D:8      | Found Goent's Antique Weapon Shop.
  8641 | D:9      | Noticed a deep elf zephyrmancer
  8677 | D:9      | Killed a deep elf zephyrmancer
  8865 | D:9      | Found an opulent altar of Gozag.
  8986 | D:9      | Found an opulent altar of Gozag.
  8986 | D:9      | Found an opulent altar of Gozag.
  8995 | D:9      | Noticed Prince Ribbit
  8997 | D:9      | Found an opulent altar of Gozag.
  9007 | D:9      | Killed Prince Ribbit
  9111 | D:9      | Reached skill level 5 in Unarmed Combat
  9265 | D:9      | Reached skill level 5 in Shields
  9265 | D:9      | Reached skill level 5 in Spellcasting
  9559 | D:9      | Reached skill level 5 in Armour
 10152 | D:10     | Entered Level 10 of the Dungeon
 10306 | D:10     | Reached skill level 5 in Dodging
 10306 | D:10     | Reached skill level 7 in Necromancy
 10390 | D:10     | Found a transporter.
 10883 | D:10     | Found a transporter.
 10909 | D:10     | Found a transporter.
 11469 | D:10     | Found a transporter.
 11738 | D:10     | Noticed a sixfirhy
 11738 | D:10     | Noticed a rust devil
 11741 | D:10     | Reached XP level 11. HP: 81/81 MP: 18/18
 11968 | D:11     | Noticed a two-headed ogre
 12111 | D:11     | Found a staircase to the Orcish Mines.
 12183 | D:11     | Found Xung's Armour Emporium.
 12212 | D:11     | Noticed a boulder beetle
 12400 | D:11     | Found a portal to a secret trove of treasure.
 12409 | Trove    | Entered a treasure trove
 12493 | D:11     | Killed a two-headed ogre
 12725 | D:11     | Killed a boulder beetle
 13329 | D:12     | Noticed a two-headed ogre
 13358 | D:12     | Noticed Erolcha
 13369 | Abyss:2  | Cast into level 2 of the Abyss (Erolcha)
 13448 | Abyss:2  | HP: 4/83 [raiju/living lightning (8)]
 13451 | Abyss:2  | HP: 1/124 [raiju (3)]
 13451 | Abyss:2  | Mangled by a raiju

Illustrated notes

Levels and vault maps discovered:
D:1:      mrwooster_arrival_statue, layout_rooms,
          shapermc_ecumenical_altar_hornbeckon
D:2:      layout_loops_ring
D:3:      layout_rooms, minmay_misc_feat_chi, uniq_terence, uniq_robin,
          uniq_ijyb
D:4:      layout_basic, nicolae_overflow_quartered_altars, old_standard_altar,
          mainiacjoe_overflow_cross_hatched
D:5:      layout_rooms, serial_park_tiny_pond, uniq_eustachio
D:6:      layout_cave_pods, minmay_temple_entry_statues_pillars,
          skrybe_limestone_x, uniq_grinder
D:7:      layout_cave_pools, nicolae_sif_muna_little_library,
          minmay_door_square, minmay_tree_intersection, kennysheep_windowed_goal
D:8:      lemuel_bear_cage, layout_loops_ring, general_overflow_altar,
          nicolae_wu_jian_immortal_techniques, minmay_lair_entry_grove,
          serial_shops, kennysheep_little_box
D:9:      nzn_winding_woodlands_small [nzn_winding_woodlands_5x15_longhouse,
          nzn_winding_woodlands_center_diamonds,
          nzn_winding_woodlands_5x15_eye], layout_irregular_city,
          nicolae_gozag_conspicuous_consumption, small_statue_intersection,
          chequers_serial_rivers_room_a, uniq_prince_ribbit1
D:10:     layout_roguey, nicolae_transporter_intersection
D:11:     layout_cave_pools, orc_david_3, nicolae_trove_entry_columns,
          serial_column_ruins, column_ruins_circle_medium, column_ruins_grid_1,
          column_ruins_open_tiny, column_ruins_open_tiny,
          column_ruins_corridor_water, column_ruins_open_small,
          column_ruins_grid_1, column_ruins_columns_corner
D:12:     layout_grid_maze, nrook_loot_triangle, item_on_display_a, uniq_erolcha
Temple:   hellmonk_temple_forest_ring
Abyss:2:  base: D:7, hangedman_abyss_sting

Skill      XL: |  1  2  3  4  5  6  7  8  9 10 |
---------------+-------------------------------+-----
Stealth        | 2 3 4 5 6 |  6.5
Fighting       | 1 2 3 4 5 6 |  6.5
Dodging        | 2 3 4 5 |  5.5
Armour         | 1 2 3 4 5 |  5.5
Necromancy     | 5 6 7 |  7.5
Shields        | 1 2 3 4 5 |  5.5
Spellcasting   | 3 4 5 |  5.5
Evocations     | 1 2 5 6 |  6.5
Unarmed Combat | 3 4 5 |  5.6

Action                     |  1- 3 |  4- 6 |  7- 9 | 10-12 || total
---------------------------+-------+-------+-------+-------++-------
  Melee: Unarmed           |    10 |       |       |   431 ||   441
         Falchion          |     4 |       |       |       ||     4
         Short sword       |    31 |   112 |   198 |       ||   341
         Whip              |       |     8 |    12 |       ||    20
   Cast: Necrotise         |    19 |    23 |    90 |    35 ||   167
  Evoke: Wand              |       |       |     1 |     2 ||     3
    Use: Potion            |       |       |     1 |     9 ||    10
         Scroll            |       |       |       |     8 ||     8
   Stab: Sleeping          |     1 |     2 |     2 |     2 ||     7
         Distracted        |       |       |     2 |       ||     2
 Armour: Leather armour    |    11 |    24 |    49 |    65 ||   149
         Acid dragon scale |       |       |       |    26 ||    26
  Dodge: Dodged            |    21 |    68 |   147 |   314 ||   550
  Block: Buckler           |     4 |    16 |    61 |       ||    81
         Kite shield       |       |       |    13 |   200 ||   213
